[Event "*** Titled Tuesday Blitz"]
[Site "Chess.com"]
[Date "2021.02.02"]
[Round "11"]
[White "BL4D3RUNN3R"]
[Black "publicaccountcze"]
[Result "0-1"]
[WhiteElo "2213"]
[BlackElo "2342"]
[TimeControl "180+1"]
[EndTime "12:05:36 PST"]
[Termination "publicaccountcze won by resignation"]

1. Nf3 d5 2. c4 e6 3. b3 Nf6 4. Bb2 dxc4 5. bxc4 c5 6. g3 Nc6 7. Bg2 Be7 8. O-O O-O 9. e3 Qc7 10. Nc3 b6 11. Nb5 Qb7 12. Ne5 Bd7 13. Nxd7 Qxd7 14. d4 Rac8 15. dxc5 Qxd1 16. Rfxd1 Bxc5 17. Bxf6 gxf6 18. Bxc6 Rxc6 19. Nxa7 Rc7 20. Nb5 Rcc8 21. Rd7 Rfd8 22.
Rad1 Rxd7 23. Rxd7 Ra8 24. Nc3 f5 25. Rb7 Ra3 26.
Nb5 Rxa2 27. Nd4 Ra4 28. Nc6 Rxc4 29. Rxf7 Rc1+ 0-1

[Event "*** Titled Tuesday Blitz"]
[Site "Chess.com"]
[Date "2021.02.02"]
[Round "11"]
[White "Taabling"]
[Black "Ariadna_Atreides"]
[Result "1-0"]
[WhiteElo "2333"]
[BlackElo "2177"]
[TimeControl "180+1"]
[EndTime "12:05:38 PST"]
[Termination "Taabling won by resignation"]

1. e4 c5 2. Nf3 d6 3. d4 cxd4 4. Qxd4 Nc6 5. Bb5 Bd7 6. Bxc6 Bxc6 7. Nc3 Nf6 8. Bg5 Qc7 9. O-O-O h6 10. Bxf6 gxf6 11.
Kb1 h5 12. Rhe1 Bh6 13. Nd5 Bxd5 14. exd5 O-O-O 15. Qxa7 Rhg8 16. Rd3 Rg4 17. Rc3 Rc4 18. Rxc4 Qxc4 19. Rxe7 Qf1+ 20. Re1 Qb5 21. Nd4 Qc5 22.
Qa8+ Kc7 23. Re7+ Rd7 24. Rxd7+ Kxd7 25. Qxb7+ Ke8 26. Qc6+ Qxc6 27. Nxc6 Bd2 28. c4 Kd7 29. b4 Be1 30. f3 Bf2 31. a4 Kc7 32. h3 f5 33. a5 Kb7 34. Kc2 f4 35. Kb3 Be3 36.
Ka4 Ka6 37. b5+ Kb7 38. b6 Ka6 39. Nb4+ Kb7 40. Kb5 1-0

[Event "*** Titled Tuesday Blitz"]
[Site "Chess.com"]
[Date "2021.02.02"]
[Round "11"]
[White "Chopper1905"]
[Black "AlexeiShirov"]
[Result "1-0"]
[WhiteElo "2944"]
[BlackElo "2844"]
[TimeControl "180+1"]
[EndTime "12:05:39 PST"]
[Termination "Chopper1905 won by resignation"]

1. d4 d5 2. c4 c6 3. cxd5 cxd5 4. Bf4 Nc6 5. e3 Nf6 6. Nc3 a6 7. Be2 b5 8. a4 b4 9. Na2 e6 10.
Nf3 Be7 11. Nc1 Na5 12. Nd3 O-O 13. Rc1 Ra7 14. O-O Bd7 15. Nc5 Bxc5 16. Rxc5 Ne4 17. Rc1 b3 18. Nd2 Bxa4 19. Nxe4 dxe4 20. Rc5 Qb6 21. Qd2 Bb5 22. Bxb5 axb5 23. Qb4 Rb7 24. Rfc1 Nc4 25. Qxb3 f6 26. Qb4 g5 27. Bg3 h5 28. h4 gxh4 29. Bxh4 Qa6 30. b3 Nb6 31. Rc6 Nd5 32. Qxf8+ 1-0

[Event "*** Titled Tuesday Blitz"]
[Site "Chess.com"]
[Date "2021.02.02"]
[Round "11"]
[White "mshuaau0"]
[Black "korkmaz16"]
[Result "0-1"]
[WhiteElo "2272"]
[BlackElo "2396"]
[TimeControl "180+1"]
[EndTime "12:05:42 PST"]
[Termination "korkmaz16 won by resignation"]

1. e4 e6 2. Nc3 d5 3. exd5 exd5 4.
d4 Nf6 5. Nf3 Bb4 6. Bg5 O-O 7.
Be2 Bf5 8. O-O Bxc3 9. bxc3 Nbd7 10. Ne5 Re8 11. f4 c6 12. Bd3 Bxd3 13. Qxd3 Qa5 14.
Rf3 Nxe5 15. fxe5 Ne4 16. Bh4 Re6 17. Raf1 Rf8 18. Rf4 Qxc3 19. Qe2 Qxd4+ 20. Kh1 Qxe5 21. Qf3 Nd2 22. Rxf7 Nxf3 23. Rxf8+ Kxf8 24. Rxf3+ Kg8 25. h3 h6 26. Bg3 Qa1+ 27. Kh2 Qxa2 28. c3 Re2 29.
Bd6 Rxg2+ 30. Kh1 Rg6 31. Bg3 Qb1+ 32. Kh2 Qc2+ 33. Kh1 Qd1+ 34. Kg2 Qe2+ 35. Rf2 Qe4+ 36. Kh2 Qe3 37. Rg2 Rxg3 38. Rxg3 Qxg3+ 39. Kxg3 a5 40. Kf4 0-1

[Event "*** Titled Tuesday Blitz"]
[Site "Chess.com"]
[Date "2021.02.02"]
[Round "11"]
[White "Chimpinha"]
[Black "Lion-Al-Messi"]
[Result "0-1"]
[WhiteElo "2388"]
[BlackElo "2547"]
[TimeControl "180+1"]
[EndTime "12:05:43 PST"]
[Termination "Lion-Al-Messi won by resignation"]

1. d4 b6 2. c4 Bb7 3. Nc3 e6 4.
e4 Bb4 5. Bd3 Ne7 6. Ne2 f6 7. O-O Ng6 8. a3 Be7 9. f4 Nc6 10. d5 Nb8 11. Be3 a5 12. Qc2 Na6 13. Rad1 Nc5 14. Nd4 e5 15. Nf5 O-O 16. g3 Qe8 17. h4 Bd6 18. h5 Ne7 19. Nxd6 cxd6 20. Be2 Qf7 21. f5 h6 22. g4 Rfb8 23. b4 axb4 24.
axb4 Na6 25. Qb3 Nc8 26. Ra1 Qe8 27. Na4 Qd8 28. Qc3 Nc7 29. Nxb6 Nxb6 30. Bxb6 Qc8 31. c5 Ne8 32. Rxa8 Rxa8 33. Ra1 dxc5 34. bxc5 Ba6 35. Bd1 Bb5 36. Bb3 Kh7 37. d6 Nxd6 38. Rxa8 Qxa8 39.
cxd6 Qxe4 40. Bd1 Qf4 41. Bf3 Qg3+ 42. Bg2 Qxc3 0-1

[Event "*** Titled Tuesday Blitz"]
[Site "Chess.com"]
[Date "2021.02.02"]
[Round "11"]
[White "annacramling"]
[Black "Eternauta2400"]
[Result "1-0"]
[WhiteElo "2131"]
[BlackElo "2389"]
[TimeControl "180+1"]
[EndTime "12:05:43 PST"]
[Termination "annacramling won by checkmate"]

1. d4 d5 2. c4 e6 3. Nc3 Nf6 4. cxd5 exd5 5. Bg5 Nbd7 6. e3 c6 7. Bd3 Be7 8. Nf3 O-O 9. Qc2 h6 10. Bh4 Nh5 11. Bxe7 Qxe7 12. O-O Re8 13. Rfe1 Nhf6 14. Rab1 Ne4 15. Bxe4 dxe4 16. Nd2 f5 17. b4 a6 18. a4 Nf6 19. b5 cxb5 20. axb5 g5 21. Nc4 f4 22. Nb6 Ra7 23. Nbd5 Nxd5 24. Nxd5 Qg7 25.
Nc7 Re7 26. b6 Ra8 27. Nxa8 fxe3 28. fxe3 g4 29. Qxc8+ Kh7 30. Qf5+ Kh8 31. Nc7 g3 32. hxg3 Kg8 33. Ne6 Qxg3 34. Qf8+ Kh7 35. Qxe7+ Kh8 36. Rbc1 Kg8 37. Rc8# 1-0

[Event "*** Titled Tuesday Blitz"]
[Site "Chess.com"]
[Date "2021.02.02"]
[Round "11"]
[White "FlySooHigh"]
[Black "Kapitan_Bayan"]
[Result "1-0"]
[WhiteElo "2604"]
[BlackElo "2452"]
[TimeControl "180+1"]
[EndTime "12:05:46 PST"]
[Termination "FlySooHigh won by resignation"]

1. e4 Nc6 2. Nf3 d6 3. d4 Bg4 4. c3 e5 5. Be3 Nf6 6. Nbd2 d5 7. dxe5 Nxe5 8. Qa4+ Bd7 9. Qc2 Nxf3+ 10. gxf3 Bd6 11. Rg1 O-O 12. O-O-O Re8 13. Bd3 dxe4 14. fxe4 Ng4 15. Bd4 c5 16. Bxg7 Kxg7 17. h3 h5 18. hxg4 hxg4 19. Nc4 Bh2 20. Rg2 Rh8 21. Ne3 Bf4 22.
Bb5 Bxe3+ 23. fxe3 Bxb5 24. Rxd8 Raxd8 25. Rxg4+ Kf8 26. Rg1 Bd3 27. Qa4 Rh2 28. e5 c4 29.
Qb4+ Ke8 30. Rg8+ Kd7 31. Qd6+ 1-0

[Event "*** Titled Tuesday Blitz"]
[Site "Chess.com"]
[Date "2021.02.02"]
[Round "11"]
[White "CzechmVIII"]
[Black "DinaBelenkaya"]
[Result "0-1"]
[WhiteElo "2268"]
[BlackElo "2382"]
[TimeControl "180+1"]
[EndTime "12:05:47 PST"]
[Termination "DinaBelenkaya won on time"]

1. e4 d5 2. exd5 Qxd5 3. Nc3 Qd8 4. d4 c6 5. Nf3 Nf6 6. Bc4 b5 7. Bb3 e6 8. a4 b4 9. Ne2 Be7 10. Ne5 c5 11. O-O cxd4 12. Nxd4 Bb7 13. Be3 O-O 14. Qe2 Nbd7 15. Nec6 Qe8 16. Rad1 Bc5 17. Na5 Bd5 18. Rfe1 Rc8 19. Bg5 h6 20. Bh4 Bb6 21. Nc4 Bc5 22. Nb5 Bxc4 23. Bxc4 Qe7 24. Rxd7 Qxd7 25.
Bxf6 gxf6 26. Qh5 Qd2 27. Rf1 Qg5 28. Qh3 Bxf2+ 29. Rxf2 Rxc4 0-1

[Event "*** Titled Tuesday Blitz"]
[Site "Chess.com"]
[Date "2021.02.02"]
[Round "11"]
[White "MaxLeto"]
[Black "FMalexhdez"]
[Result "1-0"]
[WhiteElo "2303"]
[BlackElo "2197"]
[TimeControl "180+1"]
[EndTime "12:05:47 PST"]
[Termination "MaxLeto won by resignation"]

1. g4 c6 2. Bg2 d5 3. g5 e5 4. d4 Nd7 5. dxe5 Nxe5 6. Bf4 Ng6 7.
Bg3 Qxg5 8. h4 Qf6 9. Nc3 Nf4 10. Bf3 Bb4 11. Qd2 Bxc3 12. bxc3 Ng6 13. h5 Ne5 14. Qe3 Ne7 15. Qxe5 Qh6 16. Bf4 Qe6 17. Qxg7 Rg8 18. Qe5 Qd7 19. Nh3 Qd8 20. Bg5 Be6 21. Nf4 Qd7 22. Nxe6 fxe6 23. Bg4 h6 24. Bxe6 Rxg5 25. Bxd7+ Kxd7 26. Qf4 Rag8 27. O-O-O Nf5 28. e4 Ke6 29. exf5+ Rxf5 30. Rde1+ 1-0

[Event "*** Titled Tuesday Blitz"]
[Site "Chess.com"]
[Date "2021.02.02"]
[Round "11"]
[White "TimofeevAr"]
[Black "ftorodent"]
[Result "1-0"]
[WhiteElo "2867"]
[BlackElo "2690"]
[TimeControl "180+1"]
[EndTime "12:05:50 PST"]
[Termination "TimofeevAr won by resignation"]

1. g3 d5 2. Bg2 c6 3. d3 Bg4 4. Nd2 e5 5. c4 Nf6 6. h3 Be6 7. Ngf3 Nbd7 8. O-O Be7 9. e3 h6 10. Qc2 O-O 11. b3 a5 12. Bb2 Bd6 13. Rac1 Qe7 14.
Rfe1 Bf5 15. Nh4 Bh7 16. e4 dxe4 17. Nxe4 Nxe4 18. Bxe4 Bxe4 19. Rxe4 Qg5 20. Nf3 Qg6 21. Nxe5 Nxe5 22. Bxe5 Bxe5 23. Rxe5 Rad8 24. d4 Qxc2 25. Rxc2 Rxd4 26. Rxa5 Re8 27. Kg2 g6 28. Ra7 Re7 29. a4 c5 30. a5 Rd6 31. Rc3 Kg7 32. Re3 Rc7 33. Kf3 Kf6 34. Ke2 Ra6 35. Rxa6+ bxa6 36. Kd2 Rd7+ 37. Rd3 Rb7 38. Kc3 Ke6 39. Rd5 Rc7 40. g4 f5 41. gxf5+ gxf5 42. f4 h5 43. h4 Rg7 44. Rxc5 Rg4 45. Rc6+ Kd7 46. Rxa6 1-0

[Event "*** Titled Tuesday Blitz"]
[Site "Chess.com"]
[Date "2021.02.02"]
[Round "11"]
[White "TigrVShlyape"]
[Black "Vugar_Manafov"]
[Result "1-0"]
[WhiteElo "2841"]
[BlackElo "2662"]
[TimeControl "180+1"]
[EndTime "12:05:52 PST"]
[Termination "TigrVShlyape won by resignation"]

1. d4 Nf6 2. Nf3 e6 3. Bf4 Bd6 4. Bg3 Ne4 5. Nbd2 Nxd2 6. Qxd2 O-O 7. e4 f5 8. exf5 Rxf5 9. Bd3 Rf8 10. O-O-O Nc6 11. c3 b5 12. Qg5 Qxg5+ 13. Nxg5 h6 14. Bxd6 cxd6 15. Ne4 d5 16. Nd6 Rxf2 17. Rdf1 Rxf1+ 18. Rxf1 Nd8 19. Bxb5 Rb8 20. Bd3 Nb7 21. Nb5 a6 22.
Nc7 Nd6 23. Bxa6 Rb6 24. Bxc8 Nxc8 25. a4 Nd6 26. b4 Rc6 27. Nb5 Nxb5 28. axb5 Rxc3+ 29.
Kb2 Rc7 30. Kb3 d6 31. b6 Rb7 32. b5 Rxb6 33. Kb4 e5 34. Ka5 Rb8 35. b6 e4 36.
Ka6 Ra8+ 37. Kb5 Ra3 38. Rb1 e3 39. b7 e2 40. b8=Q+ Kh7 41. Qe8 1-0

[Event "*** Titled Tuesday Blitz"]
[Site "Chess.com"]
[Date "2021.02.02"]
[Round "11"]
[White "sorrm8thatscheckm8"]
[Black "awesomevishesh"]
[Result "1-0"]
[WhiteElo "2560"]
[BlackElo "2496"]
[TimeControl "180+1"]
[EndTime "12:05:53 PST"]
[Termination "sorrm8thatscheckm8 won by resignation"]

1. d4 Nf6 2. c4 g6 3. Nf3 Bg7 4.
Nc3 O-O 5. g3 d6 6. Bg2 Nbd7 7.
O-O e5 8. e4 c6 9. h3 Qa5 10.
d5 cxd5 11. cxd5 b5 12. Re1 b4 13. Nb1 Nc5 14. Nbd2 Ba6 15. Nb3 Nxb3 16. Qxb3 Nd7 17. Be3 f5 18. a3 bxa3 19. Rxa3 Qb5 20. Qa2 Bc8 21. exf5 gxf5 22. Ng5 f4 23. gxf4 exf4 24. Bc1 Ne5 25. Be4 h6 26. Ne6 Rf7 27. Bxf4 Kh8 28. Rg3 Bxe6 29. dxe6 Qb4 30. Re2 Rxf4 31. Bxa8 Qb5 32.
Rc2 Kh7 33. Qb1 Ng6 34. Rxg6 Kxg6 35. Rc5+ Kf6 36. Rxb5 1-0

[Event "*** Titled Tuesday Blitz"]
[Site "Chess.com"]
[Date "2021.02.02"]
[Round "11"]
[White "kirillshevchenko"]
[Black "juancruzarias"]
[Result "0-1"]
[WhiteElo "2823"]
[BlackElo "2632"]
[TimeControl "180+1"]
[EndTime "12:05:54 PST"]
[Termination "juancruzarias won by checkmate"]

1. e4 e6 2. c4 d5 3. cxd5 exd5 4. Qb3 Nf6 5. Nc3 Bc5 6. e5 Ne4 7. Nxe4 dxe4 8. Qa4+ Nc6 9. Qxe4 O-O 10. Nf3 Nd4 11.
Nxd4 Bxd4 12. Bd3 g6 13. O-O Bf5 14. Qxb7 Bxd3 15. Re1 c5 16. a4 Rb8 17. Qf3 Rb3 18. Ra3 Qb6 19. a5 Qb5 20. Qd5 Rxa3 21. bxa3 Qc4 22. Qd7 a6 23. h3 Qe6 24. Qb7 Qf5 25.
Qf3 Qxf3 26. gxf3 Re8 27. f4 Rb8 28. a4 Rb1 29. Kg2 Kf8 30. Kg3 Ke7 31. h4 Ke6 32.
Kf3 Kf5 33. h5 gxh5 34. Rg1 h6 35. Rh1 h4 36. Rg1 c4 37. Re1 Bb2 38. Kg2 Rxc1 39. Re3 Bd4 40. Rh3 Bf1+ 41. Kh2 Bxh3 42. Kxh3 Kxf4 43.
e6 fxe6 44. d3 Kf3 45. Kxh4 Rh1# 0-1

[Event "*** Titled Tuesday Blitz"]
[Site "Chess.com"]
[Date "2021.02.02"]
[Round "11"]
[White "Boninknights"]
[Black "MasterSonnevanck23"]
[Result "1-0"]
[WhiteElo "2476"]
[BlackElo "2373"]
[TimeControl "180+1"]
[EndTime "12:05:54 PST"]
[Termination "Boninknights won by resignation"]

1. d4 c5 2. d5 Nf6 3. c4 d6 4. Nc3 g6 5. Nf3 Bg7 6. Bg5 O-O 7. Nd2 e6 8. e4 exd5 9. cxd5 h6 10. Bh4 g5 11. Bg3 Nxe4 12. Ndxe4 f5 13. Nxd6 f4 14. Nxc8 fxg3 15. hxg3 Bd4 16. Ne4 Qa5+ 17. Qd2 Qxd2+ 18. Kxd2 Rxc8 19. Rxh6 Nd7 20. Be2 Bxb2 21. Rb1 Bg7 22. Rg6 b6 23. Rxg5 Re8 24. f3 Re5 25. Rxe5 Nxe5 26.
f4 Nf7 27. Bg4 Rd8 28. Be6 Kf8 29. Rh1 Nd6 30. Nxd6 Rxd6 31. Rh7 c4 32. f5 c3+ 33. Kc2 Be5 34. g4 b5 35. g5 Ra6 36. f6 Rxa2+ 37. Kd3 Rd2+ 38. Ke4 Re2+ 39. Kf5 1-0

[Event "*** Titled Tuesday Blitz"]
[Site "Chess.com"]
[Date "2021.02.02"]
[Round "11"]
[White "ybruned"]
[Black "starplatinum2030"]
[Result "0-1"]
[WhiteElo "2276"]
[BlackElo "2117"]
[TimeControl "180+1"]
[EndTime "12:05:55 PST"]
[Termination "starplatinum2030 won by checkmate"]

1. b3 e5 2. Bb2 Nc6 3. e3 Nf6 4. Bb5 d6 5. d4 exd4 6. Bxd4 Be7 7. Nf3 O-O 8. Bb2 Bg4 9. O-O a6 10.
Be2 Re8 11. c4 Ne4 12. Nbd2 Nxd2 13. Qxd2 Bf6 14. h3 Bf5 15. Rad1 a5 16. Bxf6 Qxf6 17. Nd4 Nxd4 18. Qxd4 Qg6 19. Kh1 a4 20. g4 Be4+ 21. f3 Bc2 22. Rd2 axb3 23. axb3 Bxb3 24. Bd3 Qh6 25.
Kg2 Rxe3 26. Be4 Qf4 27. Kf2 Rxe4 28. Qd3 Qh2# 0-1

[Event "*** Titled Tuesday Blitz"]
[Site "Chess.com"]
[Date "2021.02.02"]
[Round "11"]
[White "Nikolaj_6"]
[Black "Bastiandash"]
[Result "1-0"]
[WhiteElo "2606"]
[BlackElo "2483"]
[TimeControl "180+1"]
[EndTime "12:05:57 PST"]
[Termination "Nikolaj_6 won by resignation"]

1. e4 c6 2. d4 d5 3. Nc3 dxe4 4. Nxe4 Nf6 5. Nxf6+ exf6 6. c3 Bd6 7. Bd3 O-O 8. Qc2 g6 9. Ne2 Re8 10. h4 Nd7 11. h5 Nf8 12. hxg6 fxg6 13. Bh6 Be6 14. O-O-O Qc7 15. Kb1 Qf7 16. c4 Rad8 17. Ka1 Bg4 18. f3 Be6 19. Bc1 Rd7 20. g4 Rde7 21. Nf4 Bxf4 22. Bxf4 Rd7 23. Qc3 Red8 24. Be2 f5 25. Be5 Re7 26. Rdf1 Nd7 27. Bf4 Nf6 28. Bg5 Red7 29. Rd1 Re8 30. d5 Nxd5 31. cxd5 Bxd5 32.
Rh2 Rxe2 33. Rxe2 Bxf3 34. Rxd7 Qxd7 35. Re7 1-0

[Event "*** Titled Tuesday Blitz"]
[Site "Chess.com"]
[Date "2021.02.02"]
[Round "11"]
[White "canary2016"]
[Black "OMGCovid-19"]
[Result "1-0"]
[WhiteElo "2035"]
[BlackElo "1977"]
[TimeControl "180+1"]
[EndTime "12:06:00 PST"]
[Termination "canary2016 won by checkmate"]

1. Nf3 Nf6 2. g3 g6 3. Bg2 Bg7 4. O-O c5 5. c4 Nc6 6. Nc3 O-O 7.
d4 cxd4 8. Nxd4 d6 9. Nxc6 bxc6 10. Bxc6 Rb8 11. Bg2 Be6 12. b3 Qa5 13. Bb2 Bxc4 14. Na4 Be6 15. Bc3 Qh5 16. Rc1 Ng4 17. h3 Ne5 18. Bxe5 Bxe5 19. Kh2 Rb4 20. Qd2 Rfb8 21. f4 Bg7 22. Nc3 Qa5 23. Ne4 Qa6 24. Ng5 Bd7 25. Rc7 Be8 26. Rxe7 h6 27. Nf3 Bf6 28. Re3 Bc6 29. Rd3 d5 30. Nd4 Bxd4 31. Rxd4 Rxd4 32. Qxd4 Qb5 33. Rc1 Re8 34. e3 Bb7 35. Rc7 Ba8 36.
Qxa7 Qe2 37. Rxf7 d4 38. Rg7+ Kh8 39. Rh7+ Kg8 40. Qg7# 1-0

[Event "*** Titled Tuesday Blitz"]
[Site "Chess.com"]
[Date "2021.02.02"]
[Round "11"]
[White "KaterinaMiroshnik"]
[Black "PriSachu"]
[Result "1-0"]
[WhiteElo "2615"]
[BlackElo "2486"]
[TimeControl "180+1"]
[EndTime "12:06:01 PST"]
[Termination "KaterinaMiroshnik won by resignation"]

1. d4 d5 2. Nf3 Nf6 3. c3 c5 4. e3 Nc6 5. Be2 Bg4 6. O-O e6 7. dxc5 Bxc5 8. b4 Bd6 9. Bb2 O-O 10. a3 Rc8 11. Nbd2 Ne5 12. Nxe5 Bxe2 13. Qxe2 Bxe5 14. Rac1 Qd7 15. Nf3 Bb8 16. Rfd1 Qa4 17. Qc2 Qxc2 18. Rxc2 Rc4 19. Nd2 Rc6 20. Rdc1 Rfc8 21. c4 dxc4 22. Rxc4 Rxc4 23. Rxc4 Rxc4 24. Nxc4 Kf8 25. Bxf6 gxf6 26. Na5 Ke7 27. Nxb7 Kd7 28. Nc5+ Kc6 29. Kf1 Kd5 30.
Nd7 Be5 31. Nxe5 fxe5 32. f3 Kc4 33. Ke2 Kb3 34. Kd3 Kxa3 35. Kc3 Ka4 36. Kc4 Ka3 37. g4 f6 38. h4 e4 39. fxe4 e5 40. g5 fxg5 41.
hxg5 Ka4 42. Kc5 Kb3 43. b5 Ka4 44. b6 axb6+ 45. Kxb6 Kb4 46. Kc6 Kc4 47. Kd6 1-0

[Event "*** Titled Tuesday Blitz"]
[Site "Chess.com"]
[Date "2021.02.02"]
[Round "11"]
[White "LisikValera"]
[Black "Piotrek1979"]
[Result "1-0"]
[WhiteElo "2486"]
[BlackElo "2347"]
[TimeControl "180+1"]
[EndTime "12:06:01 PST"]
[Termination "LisikValera won on time"]

1. d4 d5 2. Bf4 Nf6 3. e3 c5 4. c3 Nc6 5. Nf3 Bg4 6. Qb3 Qb6 7. dxc5 Qxb3 8. axb3 Bxf3 9. gxf3 e5 10. Bg3 Bxc5 11.
Bb5 Nd7 12. b4 Bb6 13. Nd2 Ke7 14. f4 e4 15. Nb3 Ke6 16. Bf1 f5 17. h4 g6 18. Be2 Nf6 19. h5 Ne7 20. hxg6 hxg6 21. O-O-O Ng4 22. Bxg4 fxg4 23. Rhg1 Nf5 24. Rd2 Rh3 25.
Nc5+ Bxc5 26. bxc5 Rc8 27. b4 b6 28. Rgd1 Ne7 29. c4 dxc4 30. Rd4 bxc5 31. Rxe4+ Kf7 32. Rd7 Re8 33. bxc5 Rh5 34. c6 Rc5 35. Bh4 g5 36. Bxg5 a5 37. c7 Kg6 38. Rexe7 Ra8 39. Rd8 1-0

[Event "*** Titled Tuesday Blitz"]
[Site "Chess.com"]
[Date "2021.02.02"]
[Round "11"]
[White "GregShahade"]
[Black "SaraciNderim"]
[Result "0-1"]
[WhiteElo "2660"]
[BlackElo "2818"]
[TimeControl "180+1"]
[EndTime "12:06:02 PST"]
[Termination "SaraciNderim won by resignation"]

1. e4 e5 2. Nf3 Nc6 3. Bb5 a6 4. Ba4 g6 5. d4 exd4 6. Nxd4 Nge7 7. Nc3 Bg7 8. Be3 O-O 9. Qd2 d6 10. O-O-O b5 11. Bb3 Nxd4 12. Bxd4 Bxd4 13. Qxd4 c5 14. Qxd6 Qxd6 15. Rxd6 c4 16. Bxc4 bxc4 17. Rhd1 Be6 18. Na4 Nc8 19. Rc6 Na7 20. Rxa6 Nb5 21. Rxa8 Rxa8 22.
b3 Kf8 23. Kb2 Ke7 24. f3 h5 25. h4 c3+ 26. Nxc3 Nxc3 27. Kxc3 Rxa2 28. g3 Ra8 29. f4 Bg4 30. Rd4 Ra1 31. Rd3 Re1 32. e5 Bf5 33. Rf3 Re2 34. Kb4 Rxc2 35. Kb5 Bd7+ 36. Kb4 Be6 37. Rd3 Rb2 38. Ka3 Rb1 39.
Ka2 Rg1 40. Ka3 f6 41. exf6+ Kxf6 42. Kb4 Kf5 43. Re3 Bf7 44. Re5+ Kf6 45. Rg5 Rb1 46. Kc3 Rxb3+ 47. Kd2 Be6 48. Ke2 Bf5 49. Kf2 Ke6 50.
Kg2 Kd5 51. Kh2 Ke4 52. Kg2 Rb2+ 53. Kg1 Kf3 54. g4 hxg4 55. h5 g3 0-1

[Event "*** Titled Tuesday Blitz"]
[Site "Chess.com"]
[Date "2021.02.02"]
[Round "11"]
[White "Larciano"]
[Black "JiiHart"]
[Result "1-0"]
[WhiteElo "1820"]
[BlackElo "2089"]
[TimeControl "180+1"]
[EndTime "12:06:02 PST"]
[Termination "Larciano won by resignation"]

1. e4 e5 2. Nf3 Nc6 3. Bc4 Nf6 4. d3 Bc5 5. c3 O-O 6. O-O Bb6 7. Nbd2 d6 8. h3 Na5 9. Bb5 c6 10. Ba4 c5 11.
Re1 Nc6 12. Nf1 h6 13. Ng3 Ne7 14. Nh4 Ng6 15. Nhf5 Bxf5 16. Nxf5 Nh7 17. Qg4 Qf6 18. Be3 Rac8 19. Rad1 a6 20. h4 Bc7 21. h5 Nf4 22. Bxf4 exf4 23. Qxf4 b5 24. Bc2 Qg5 25. Qg3 Qxg3 26. Nxg3 Nf6 27. d4 cxd4 28. cxd4 Bb6 29. Bb3 Rfe8 30. Nf5 Rxe4 31. Rxe4 Nxe4 32. Ne7+ 1-0

[Event "*** Titled Tuesday Blitz"]
[Site "Chess.com"]
[Date "2021.02.02"]
[Round "11"]
[White "KeithArkell"]
[Black "Gusarov91"]
[Result "1-0"]
[WhiteElo "2458"]
[BlackElo "1288"]
[TimeControl "180+1"]
[EndTime "12:06:03 PST"]
[Termination "KeithArkell won by resignation"]

1. d4 Nf6 2. Nf3 b5 3. Bg5 Bb7 4. Bxf6 gxf6 5. g3 e6 6. Bg2 c5 7. O-O d5 8. c3 Nc6 9. a3 a5 10. Nbd2 Qb6 11. e4 dxe4 12. Nxe4 f5 13. Nxc5 Bxc5 14.
dxc5 Qxc5 15. Nd4 O-O-O 16. Qb3 Nxd4 17. cxd4 Qb6 18. Rac1+ Kb8 19. Rc5 b4 20. Qa4 Ba6 21.
Rxa5 Bxf1 22. Bxf1 Kc7 23. Ra7+ Kd6 24. Ra6 Rb8 25.
Rxb6+ Rxb6 26. axb4 Rhb8 27. b5 Ke7 28. Qb4+ Kf6 29.
Qc5 h6 30. Bc4 R6b7 31. b4 Rd8 32. Qc6 Rbd7 33. d5 Rd6 34. Qc7 R8d7 35. b6 exd5 36. Bb5 Rd8 37. b7 Ke6 38. Bd3 Rb8 39. Bxf5+ Kxf5 40.
Qxd6 Rxb7 41. Qxd5+ 1-0

[Event "*** Titled Tuesday Blitz"]
[Site "Chess.com"]
[Date "2021.02.02"]
[Round "11"]
[White "Berardino"]
[Black "leoduarte"]
[Result "1-0"]
[WhiteElo "2576"]
[BlackElo "2383"]
[TimeControl "180+1"]
[EndTime "12:06:07 PST"]
[Termination "Berardino won on time"]

1. e4 c5 2. Nf3 Nc6 3. d4 cxd4 4.
Nxd4 g6 5. Nc3 Bg7 6. Be3 Nf6 7. Bc4 O-O 8. Bb3 Re8 9. h3 d6 10. O-O Na5 11. Qf3 b6 12. Nd5 Bb7 13. Rfd1 Rc8 14. c3 a6 15. Bg5 Nxb3 16. axb3 Nd7 17. Qg3 Nc5 18. Qh4 h6 19. Nxe7+ Kh7 20. Nxc8 Qxc8 21. f3 b5 22. Bf6 Qd7 23. b4 1-0

[Event "*** Titled Tuesday Blitz"]
[Site "Chess.com"]
[Date "2021.02.02"]
[Round "11"]
[White "Volodar_Murzin"]
[Black "federicosellitti"]
[Result "1-0"]
[WhiteElo "2623"]
[BlackElo "2459"]
[TimeControl "180+1"]
[EndTime "12:06:09 PST"]
[Termination "Volodar_Murzin won by resignation"]

1. e4 c5 2. Nf3 Nf6 3. e5 Nd5 4. c3 Nc6 5. d4 cxd4 6. cxd4 e6 7. Nc3 Nxc3 8. bxc3 d6 9. exd6 Bxd6 10. Bd3 b6 11. O-O Bb7 12. Re1 Qc7 13. d5 Ne5 14. Bb5+ Kf8 15.
Nxe5 Bxe5 16. Ba3+ Kg8 17. dxe6 fxe6 18. Qd7 Bxh2+ 19.
Kh1 Bd5 20. Rad1 Rd8 21. Rxd5 Rxd7 22. Rxd7 Qxc3 23. Re3 Qf6 24. Kxh2 h5 25. Rf3 Qe5+ 26. Rg3 h4 27. Rxg7+ Qxg7 28. Rxg7+ Kxg7 29. Bb2+ Kh7 30. Bxh8 Kxh8 31. Kh3 Kg7 32. Kxh4 Kf6 33. Kg4 Ke5 34. Bc4 a6 35. Bxa6 Kd5 36. a4 Kc5 37. Bb5 e5 38. Kf3 Kd4 39. Ke2 e4 40. f3 exf3+ 41.
Kxf3 Ke5 42. g4 Kf6 43. Kf4 Ke7 44. g5 Kd6 45. Kf5 Kc5 46. Kf6 Kb4 47. g6 Ka5 48. g7 1-0

[Event "*** Titled Tuesday Blitz"]
[Site "Chess.com"]
[Date "2021.02.02"]
[Round "11"]
[White "northridgehawk"]
[Black "NMJeevanK"]
[Result "1-0"]
[WhiteElo "2354"]
[BlackElo "2503"]
[TimeControl "180+1"]
[EndTime "12:06:09 PST"]
[Termination "northridgehawk won by checkmate"]

1. e4 d6 2. d4 Nf6 3. Nc3 g6 4. Be3 Bg7 5. Qd2 O-O 6. O-O-O Nbd7 7. f3 c6 8. g4 b5 9. h4 a5 10. h5 a4 11. Bh6 b4 12. Nce2 b3 13. cxb3 axb3 14.
a3 c5 15. Bxg7 Kxg7 16. hxg6 fxg6 17. Qh6+ Kg8 18. Nf4 Rf7 19. Bc4 cxd4 20. Nxg6 d5 21. exd5 Qc7 22. Rxd4 Ba6 23. d6 Qc5 24. Nxe7+ Kh8 25.
Qf4 Ne5 26. Qxe5 Qxe5 27. Ng6+ Kg7 28. Nxe5 Rc8 29. Nxf7 Bxc4 30. Kd2 Bxf7 31. d7 Rc2+ 32. Ke3 Nxd7 33. Rxd7 Rxb2 34. Ne2 Ra2 35. Rb1 Rxa3 36. Kf4 Kf6 37. Nd4 Ra4 38. g5+ Kg6 39. Ke3 Ra3 40.
f4 Bc4 41. Ke4 Kh5 42. Rxh7+ Kg4 43. Rg1# 1-0

[Event "*** Titled Tuesday Blitz"]
[Site "Chess.com"]
[Date "2021.02.02"]
[Round "11"]
[White "Kotofeyca"]
[Black "Kale36"]
[Result "1-0"]
[WhiteElo "2402"]
[BlackElo "2285"]
[TimeControl "180+1"]
[EndTime "12:06:09 PST"]
[Termination "Kotofeyca won by checkmate"]

1. d4 d5 2. c4 Nc6 3. cxd5 Qxd5 4. e3 e5 5. Nc3 Bb4 6. Bd2 Bxc3 7. bxc3 Nf6 8. Qb3 Qd6 9. Nf3 O-O 10. Bb5 e4 11.
Ng1 Ne7 12. Bf1 Ng6 13. Ne2 Kh8 14. Ng3 b6 15. Bc4 Be6 16. Bxe6 fxe6 17. c4 e5 18. d5 c5 19. Qc2 Qd7 20. Nxe4 Qf5 21. f3 Nxe4 22. Qxe4 Qxe4 23. fxe4 Nh4 24. Rg1 g5 25.
Ke2 Kg7 26. Be1 Ng6 27. Bg3 h5 28. Rgf1 h4 29. Rxf8 Rxf8 30. Be1 Ne7 31. a4 Nc8 32. a5 Nd6 33. axb6 axb6 34. Kd3 Rf1 35. Bc3 Rf2 36. Bxe5+ Kg6 37. Bxd6 Rxg2 38. e5 g4 39. e6 g3 40. hxg3 h3 41. e7 Kf7 42. Rf1+ Ke8 43. Rf8+ Kd7 44. Rd8# 1-0

[Event "*** Titled Tuesday Blitz"]
[Site "Chess.com"]
[Date "2021.02.02"]
[Round "11"]
[White "Msb2"]
[Black "JTCoach"]
[Result "1-0"]
[WhiteElo "2903"]
[BlackElo "2711"]
[TimeControl "180+1"]
[EndTime "12:06:11 PST"]
[Termination "Msb2 won on time"]

1. d4 Nf6 2. Nc3 d5 3. Bf4 c5 4. e3 cxd4 5. exd4 a6 6. Nf3 Nc6 7. Ne5 Bd7 8. Ne2 e6 9. c3 Be7 10. Ng3 O-O 11. Bd3 b5 12. a3 Nxe5 13. Bxe5 a5 14.
h4 b4 15. cxb4 axb4 16. a4 b3 17. O-O Rxa4 18. Qxb3 Qa8 19. Rxa4 Qxa4 20. Qxa4 Bxa4 21. Ra1 Bb3 22. Ra7 Bd8 23. Bd6 Bc4 24. Bxc4 dxc4 25. Bxf8 Kxf8 26. Ra4 Nd5 27. Rxc4 Bxh4 28. b4 f5 29. b5 Bd8 30. Ne2 Ba5 31. Nc1 Ke7 32. Nb3 Bb6 33. Rc6 Bd8 34. Nc5 Nf4 35. Kf1 1-0